Map: Bel'Shir Vestige LE (Void)

Players

BIGFLLA - Winner!

  • Race: Protoss Protoss
  • League: Silver
  • Spawn Location: 11:00

A.I. 1 (Hard)

  • Race: Terran Terran
  • Spawn Location: 5:00

VOD

Have the link to the VOD?

Description

Time

  • Played on: March 21, 2017, 1:04 a.m.
  • Length: 22:31
Show
View Real Time Build Order
Export as new Build Order

BIGFLLA Protoss - Winner!

Build Orders: 1 Gate Expand 

Get SALT Encoding   

  12  0:01  Probe (Chrono Boost)  
  13  0:11  Probe (Chrono Boost)  
  14  0:18  Pylon  
  14  0:22  Probe (Chrono Boost)  
  15  0:36  Gateway  
  15  0:38  Probe (Chrono Boost)  
  16  0:46  Assimilator  
  16  0:48  Probe (Chrono Boost)  
  17  0:59  Probe (Chrono Boost)  
  18  1:19  Nexus  
  18  1:22  Probe (Chrono Boost)  
  19  1:32  Cybernetics Core  
  19  1:36  Probe (Chrono Boost)  
  20  1:42  Pylon  
  20  1:46  Probe (Chrono Boost)  
  21  1:57  Probe (Chrono Boost)  
  21  1:59  Assimilator  
  22  2:07  Probe (Chrono Boost)  
  23  2:10  Warp Gate  
  23  2:11  Pylon  
  23  2:18  Forge  
  23  2:20  Probe (Chrono Boost)  
  24  2:26  Sentry  
  25  2:31  Probe (Chrono Boost)  
  25  2:33  Probe (Chrono Boost)  
  27  2:42  Probe (Chrono Boost)  
  29  2:45  Probe (Chrono Boost)  
  29  2:49  Pylon  
  29  2:51  Pylon  
  29  2:53  Probe (Chrono Boost)  
  29  2:58  Probe (Chrono Boost)  
  31  3:02  Sentry  
  31  3:04  Probe (Chrono Boost)  
  34  3:10  Probe (Chrono Boost)  
  35  3:16  Photon Cannon  
  35  3:22  Photon Cannon  
  35  3:24  Assimilator  
  35  3:26  Probe (Chrono Boost)  
  35  3:27  Protoss Ground Armor Level 1, Assimilator, Probe (Chrono Boost)  
  37  3:36  Stalker  
  37  3:37  Probe (Chrono Boost)  
  37  3:39  Probe (Chrono Boost)  
  41  3:49  Pylon  
  41  3:51  Gateway  
  41  3:56  Probe (Chrono Boost)  
  41  3:58  Probe (Chrono Boost)  
  43  4:06  Pylon, Stalker  
  45  4:11  Probe (Chrono Boost)  
  45  4:13  Probe (Chrono Boost)  
  47  4:28  Probe (Chrono Boost)  
  47  4:30  Probe (Chrono Boost)  
  49  4:34  Photon Cannon  
  49  4:45  Robotics Facility  
  49  4:49  Gateway  
  49  4:50  Stalker x2  
  53  4:55  Probe (Chrono Boost)  
  53  4:56  Probe (Chrono Boost)  
  55  5:07  Protoss Ground Weapons Level 1  
  55  5:10  Probe (Chrono Boost)  
  55  5:11  Probe (Chrono Boost)  
  57  5:15  Nexus  
  57  5:20  Probe (Chrono Boost)  
  58  5:23  Probe (Chrono Boost)  
  58  5:24  Assimilator  
  58  5:26  Assimilator  
  58  5:27  Pylon  
  59  5:33  Pylon  
  59  5:35  Observer  
  59  5:43  Stalker x2  
  59  5:44  Stalker  
  65  5:54  Observer  
  66  6:10  Mothership Core (Chrono Boost)  
  68  6:12  Observer  
  68  6:13  Stalker x2  
  68  6:14  Stalker  
  75  6:31  Observer  
  76  6:43  Stalker x3  
  76  6:46  Protoss Shields Level 1  
  82  6:47  Immortal  
  86  7:05  Probe (Chrono Boost)  
  86  7:07  Probe x2 (Chrono Boost)  
  89  7:13  Stalker x3  
  95  7:17  Gateway  
  95  7:21  Immortal  
  95  7:22  Gateway  
  95  7:25  Gateway  
  95  7:27  Gateway  
  99  7:31  Twilight Council  
  99  7:34  Probe (Chrono Boost)  
  99  7:35  Probe x2 (Chrono Boost)  
  102  7:43  Sentry x2  
  108  7:44  Sentry  
  108  7:56  Immortal  
  112  8:09  Stalker x2  
  112  8:10  Stalker  
  117  8:19  Pylon  
  117  8:22  Pylon, Protoss Ground Weapons Level 2  
  117  8:24  Pylon  
  117  8:27  Pylon  
  117  8:28  Photon Cannon  
  117  8:30  Photon Cannon  
  117  8:32  Photon Cannon, Immortal  
  121  8:52  Sentry  
  121  8:53  Sentry x2  
  127  9:05  Nexus  
  127  9:09  Observer  
  127  9:12  Assimilator  
  127  9:14  Assimilator  
  127  9:15  Pylon  
  128  9:18  Blink  
  128  9:19  Stalker x3  
  128  9:20  Pylon  
  128  9:23  Pylon  
  134  9:29  Observer  
  134  9:30  Probe (Chrono Boost)  
  134  9:31  Probe x2 (Chrono Boost)  
  116  9:51  Observer  
  107  9:58  Probe (Chrono Boost)  
  107  9:59  Probe x2 (Chrono Boost)  
  110  10:10  Stalker x5  
  110  10:11  Warp Prism  
  122  10:20  Protoss Ground Armor Level 2  
  122  10:34  Probe (Chrono Boost)  
  122  10:35  Probe (Chrono Boost)  
  126  10:36  Probe x2 (Chrono Boost)  
  126  10:39  Stalker x3  
  126  10:40  Stalker x3  
  138  10:48  Immortal  
  140  11:23  Probe (Chrono Boost)  
  140  11:24  Probe (Chrono Boost)  
  140  11:25  Probe x2 (Chrono Boost)  
  144  11:27  Immortal  
  144  11:45  Nexus  
  144  11:48  Assimilator  
  144  11:52  Assimilator, Stalker x4  
  144  11:53  Stalker  
  154  11:55  Pylon  
  154  11:59  Pylon  
  154  12:02  Pylon  
  154  12:06  Immortal  
  158  12:11  Stalker x2  
  158  12:16  Protoss Ground Weapons Level 3  
  158  12:24  Nexus  
  158  12:29  Assimilator  
  158  12:34  Assimilator  
  158  12:45  Immortal  
  158  12:48  Nexus  
  158  12:50  Photon Cannon  
  158  12:51  Assimilator  
  158  12:54  Assimilator, Photon Cannon  
  158  13:20  Probe x3 (Chrono Boost)  
  158  13:21  Probe x2 (Chrono Boost)  
  158  13:30  Probe x3 (Chrono Boost)  
  158  13:33  Probe x2 (Chrono Boost)  
  158  13:47  Protoss Air Weapons Level 1  
  158  13:50  Observer  
  158  13:55  Sentry x7  
  158  14:09  Observer  
  158  14:27  Observer  
  158  14:33  Probe (Chrono Boost)  
  158  14:35  Protoss Shields Level 2  
  158  14:37  Probe x3 (Chrono Boost)  
  158  14:38  Probe (Chrono Boost)  
  158  14:39  Probe (Chrono Boost)  
  158  14:46  Observer  
  158  15:05  Observer  
  158  15:21  Forge  
  158  15:27  Stargate  
  158  15:29  Templar Archives  
  158  15:35  Robotics Bay  
  158  15:41  Protoss Air Armor Level 1  
  158  16:00  Psionic Storm  
  158  16:24  Fleet Beacon  
  158  16:33  Probe (Chrono Boost)  
  158  16:35  Probe x2 (Chrono Boost)  
  158  16:43  Protoss Ground Armor Level 3  
  158  16:46  Observer Gravitic Boosters  
  158  17:18  High Templar  
  158  17:19  High Templar x6  
  158  17:30  Colossus  
  158  17:34  Oracle  
  158  17:35  Protoss Air Weapons Level 2  
  158  17:43  Graviton Catapult, Gravitic Drive  
  158  18:05  Tempest  
  158  18:19  Disruptor  
  158  18:32  Anion Pulse-Crystals  
  158  18:36  Carrier  
  158  18:39  Extended Thermal Lance  
  158  19:04  Nexus  
  158  19:06  Assimilator  
  158  19:08  Assimilator  
  158  19:20  Protoss Shields Level 3  
  158  19:21  Nexus  
  158  19:23  Assimilator  
  158  19:24  Archon  
  158  19:25  Assimilator  
  158  19:51  Protoss Air Armor Level 2  
Show
View Real Time Build Order
Export as new Build Order

A.I. 1 (Hard) Terran 

Build Orders: MMM Bio 

Get SALT Encoding   

  12  0:00  SCV  
  13  0:13  SCV  
  14  0:19  Supply Depot  
  14  0:25  SCV  
  15  0:40  SCV  
  16  0:44  Barracks  
  16  0:52  SCV  
  17  1:05  SCV  
  18  1:17  Command Center  
  18  1:31  Marine  
  19  1:36  Supply Depot, Orbital Command  
  19  1:42  Refinery  
  19  1:49  Marine  
  20  2:00  Barracks  
  20  2:01  SCV  
  20  2:06  Refinery  
  21  2:09  Marine  
  21  2:14  SCV  
  23  2:28  SCV  
  23  2:29  Barracks Tech Lab  
  24  2:40  SCV  
  25  2:46  Marine  
  25  2:47  Marine  
  27  2:58  Refinery  
  27  3:03  SCV, Refinery  
  27  3:05  Marauder  
  30  3:07  SCV  
  31  3:13  Barracks Tech Lab  
  31  3:15  SCV  
  31  3:19  SCV  
  33  3:26  Factory, Marauder  
  35  3:27  SCV  
  35  3:31  SCV  
  37  3:35  Marine, Supply Depot  
  38  3:44  Factory  
  38  3:51  Marauder  
  40  4:10  Factory Tech Lab  
  40  4:13  Starport  
  40  4:15  Reaper  
  40  4:16  Starport  
  41  4:21  SCV  
  42  4:24  SCV  
  42  4:28  Factory Tech Lab  
  42  4:29  Widow Mine  
  45  4:32  Stimpack  
  45  4:33  SCV  
  45  4:36  SCV  
  47  4:43  Combat Shields  
  47  4:45  SCV  
  47  4:51  Supply Depot, SCV, Starport Tech Lab  
  47  4:52  Starport Tech Lab  
  49  4:57  SCV  
  50  5:04  SCV, Engineering Bay  
  51  5:12  SCV  
  52  5:16  SCV  
  53  5:24  Marine, SCV  
  53  5:28  SCV  
  56  5:32  Terran Infantry Weapons Level 1  
  56  5:35  Supply Depot  
  56  5:36  SCV  
  56  5:39  Marine  
  56  5:40  SCV  
  59  5:48  SCV  
  60  5:55  Marauder  
  60  5:56  SCV  
  63  5:58  Supply Depot  
  63  6:00  SCV  
  63  6:02  Concussive Shells  
  64  6:08  SCV  
  64  6:09  Reaper  
  66  6:20  SCV  
  66  6:21  Supply Depot, SCV  
  66  6:24  Siege Tank  
  71  6:25  Ghost Academy  
  71  6:32  SCV  
  72  6:39  Widow Mine  
  74  6:42  SCV  
  74  6:44  SCV  
  74  6:45  Missile Turret  
  74  6:46  Supply Depot  
  76  6:52  Missile Turret  
  76  6:54  Viking  
  76  6:55  Missile Turret  
  76  6:58  Missile Turret  
  78  7:04  Sensor Tower  
  78  7:05  Armory  
  78  7:08  Raven, SCV  
  81  7:09  Ghost  
  81  7:10  Supply Depot  
  81  7:13  Bunker  
  83  7:20  Barracks  
  83  7:22  Bunker  
  83  7:24  Raven  
  83  7:27  Terran Infantry Armor Level 1  
  85  7:35  Supply Depot  
  85  7:53  Thor  
  91  8:08  Barracks Reactor  
  89  9:39  Ghost  
  89  9:41  Raven  
  89  9:42  Raven  
  73  9:54  Marine  
  59  10:02  Hellion  
  59  10:05  Hellion  
  59  10:06  Engineering Bay  
  61  10:08  Supply Depot  
  61  10:09  Command Center  
  61  10:11  Marauder  
  63  10:17  Marine  
  64  10:23  Hellion  
  64  10:24  Medivac  
  64  10:25  Medivac  
  64  10:26  Marine  
  66  10:32  Marine, Supply Depot  
  63  10:38  Marine  
  62  10:43  Hellion  
  62  10:46  Hellion  
  60  10:52  Marine  
  60  10:54  Medivac  
  60  10:55  Raven  
  53  10:58  Reaper, SCV  
  45  11:04  Hellion  
  45  11:08  Hellion  
  45  11:10  Marine, SCV  
  39  11:17  Marine  
  38  11:21  SCV  
  38  11:23  SCV  
  38  11:24  Raven  
  41  11:29  Marine, Marauder  
  39  11:33  SCV  
  39  11:34  Marine  
  39  11:35  SCV  
  41  11:40  Marine  
  41  11:46  SCV  
  40  11:47  SCV  
  40  11:49  Marine, Refinery  
  40  11:52  Marine  
  43  11:56  Marauder  
  43  11:58  SCV  
  43  11:59  SCV  
  45  12:01  Banshee  
  37  12:15  SCV  
Tags
 
Composition
MMM Bio
League
Silver
Matchup
PvT
Replay Pack
3.21
Spawn Locations
Cross Positions
Add a new tag
Caveats
  • Supply blocks, unpowered buildings, or Contaminate may cause inaccurate times.
  • Supply counts are checked every 10 seconds.